 Dungeon Crawl Stone Soup version 0.14-a0-2359-g1e808ab (webtiles) character file.

118 UltraLongJohn the Covered (level 4, 0/31 HPs)
             Began as a Formicid Fighter on Jan 31, 2014.
             Succumbed to poison (a potion of poison)
             ... on Level 2 of the Dungeon.
             The game lasted 00:04:27 (1278 turns).

UltraLongJohn the Covered (Formicid Fighter)        Turns: 1278, Time: 00:04:27

HP   0/31        AC 10     Str 19 (22) XL: 4   Next: 41%
MP   4/4         EV  5     Int  7      God:
Gold 61          SH 18     Dex 10      Spells:  0 memorised,  3 levels left

rFire  . . .     SeeInvis +     a - +0,+1 hand axe
rCold  . . .     Clarity  .     m - +0 chain mail
rNeg   . . .     Conserve .     c - +0 shield
rPois  x         rCorr    .     (helmet unavailable)
rElec  .         rRot     .     (no cloak)
SustAb . .       Spirit   .     (no gloves)
rMut   .         Warding  .     (no boots)
Saprov . . .     Stasis   +     (no amulet)
MR     .....                    (no ring)
                                (no ring)

@: mildly poisoned, not resistant to hostile enchantments, extremely unstealthy
A: permanent stasis, dig shafts and tunnels, four strong arms, poison weakness,
antennae 3, exoskeleton 1
a: Dig, Shaft Self


You were on level 2 of the Dungeon.
You were not hungry.

You visited 1 branch of the dungeon, and saw 2 of its levels.

You collected 61 gold pieces.

Inventory:

Hand weapons
 a - a +0,+1 hand axe (weapon)
Missiles
 f - 2 tomahawks of returning (quivered)
Armour
 c - a +0 shield (worn)
 m - a +0 chain mail (worn)
Comestibles
 d - 2 bread rations
Scrolls
 b - a scroll of enchant weapon II
Jewellery
 g - an uncursed ring of flight {unknown}
 i - a +4 ring of dexterity {unknown}


   Skills:
 + Level 3.4 Fighting
 + Level 2.2 Axes
 * Level 4.7 Armour
 + Level 3.4 Shields


You had 3 spell levels left.
You didn't know any spells.

Dungeon Overview and Level Annotations

Branches:
Dungeon (2/16)

Altars:


Innate Abilities, Weirdness & Mutations

Your are under a permanent stasis effect.
You can dig through walls and to a lower floor.
Your four strong arms can wield any weapon, most with a shield.
You are susceptible to poison.
You have a pair of large antennae on your head (SInv).
Your body is surrounded by an exoskeleton. (AC +1)


Message History

* * * LOW HITPOINT WARNING * * *
You feel sick.
You start resting.
* * * LOW HITPOINT WARNING * * *
You feel sick.
You start resting.
* * * LOW HITPOINT WARNING * * *
You feel sick.
You start resting.
* * * LOW HITPOINT WARNING * * *
You feel sick.
You start resting.
* * * LOW HITPOINT WARNING * * *
You feel sick.
You feel a little better.
You start resting.
* * * LOW HITPOINT WARNING * * *
You feel sick.
You start resting.
You die...

..%..........................#
..........#...#####..........##
#>........+..........^........
#.#####...#...#####.##......#
#.#<%.)...#...# #.##......#
#.#.#.))..#########.##....[.#
#.###.#...# #.........).....#
#...(.##### #.........#######
#.##### #...@.....# #.###
#.........# #...# #.........#
###.## #.........# ##8.8###
#.........# ...)...#
########### .#8.8#.# .##.##.##
........#


There were no monsters in sight!

Vanquished Creatures
  2 adders (D:2)
  4 giant geckos (D:1)
  7 bats
  A giant cockroach (D:1)
  6 goblins
  5 hobgoblins
  A quokka (D:2)
  2 giant newts (D:1)
  6 kobolds
  2 rats (D:1)
36 creatures vanquished.

Notes
Turn   | Place    | Note
--------------------------------------------------------------
     0 | D:1      | UltraLongJohn, the Formicid Fighter, began the quest for the Orb.
     0 | D:1      | Reached XP level 1. HP: 16/16 MP: 1/1
     2 | D:1      | Noticed an octopode
     2 | D:1      | Noticed an elf
     6 | D:1      | Noticed a tengu
     6 | D:1      | Noticed a centaur
     8 | D:1      | Noticed a spriggan
     8 | D:1      | Noticed a minotaur
    10 | D:1      | Noticed a demonspawn
    10 | D:1      | Noticed a ghoul
    12 | D:1      | Noticed an ogre
    14 | D:1      | Noticed a vampire
    14 | D:1      | Noticed a merfolk
    16 | D:1      | Noticed a troll
    16 | D:1      | Noticed a draconian
    18 | D:1      | Noticed a demigod
    18 | D:1      | Noticed a human
    20 | D:1      | Noticed a felid
    22 | D:1      | Noticed a naga
    24 | D:1      | Noticed a dwarf
    24 | D:1      | Noticed a formicid
    61 | D:1      | Reached XP level 2. HP: 18/21 MP: 2/2
   172 | D:1      | Reached skill level 4 in Armour
   469 | D:1      | Reached XP level 3. HP: 26/26 MP: 3/3
  1022 | D:2      | Reached XP level 4. HP: 27/31 MP: 4/4
  1275 | D:2      | HP: 1/31 [poison (a potion of poison)]
  1278 | D:2      | Succumbed to poison (a potion of poison)

Action                   |  1- 3 |  4- 6 || total
-------------------------+-------+-------++-------
Melee: Hand axe          |   102 |    20 ||   122
  Use: Scroll            |     3 |     2 ||     5
       Potion            |       |     3 ||     3
